 Dungeon Crawl Stone Soup version 0.23-a0-393-g6e9e0f2070 (webtiles) character file.

4827 PikkenKukken the Martial Artist (level 10, -3/73 HPs)
             Began as a Demonspawn Transmuter on Oct 31, 2018.
             Was an Initiate of Kikubaaqudgha.
             Killed from afar by a white imp (7 damage)
             ... with a puff of frost
             ... on level 9 of the Dungeon.
             The game lasted 00:27:17 (12329 turns).

PikkenKukken the Martial Artist (DsTm)             Turns: 12329, Time: 00:27:19

Health: -3/73      AC:  2    Str: 10    XL:     10   Next: 25%
Magic:  18/24      EV: 26    Int: 23    God:    Kikubaaqudgha [......]
Gold:   397        SH:  0    Dex: 19    Spells: 2/16 levels left

rFire    . . .     SeeInvis .     - Unarmed
rCold    . . .     Gourm    .   (shield currently unavailable)
rNeg     . . .     Faith    .   (armour currently unavailable)
rPois    x         Spirit   .   (helmet currently unavailable)
rElec    .         Reflect  .   (cloak currently unavailable)
rCorr    .         Harm     .   (gloves currently unavailable)
MR       .....                  (boots currently unavailable)
Stlth    ++........             (no amulet)
HPRegen  0.22/turn              B - ring of magical power
MPRegen  0.19/turn              x - +5 ring of intelligence

@: confusing touch, spider-form
A: tiny, rugged brown scales 1, demonic guardian 1
a: End Transformation, Renounce Religion


You were on level 9 of the Dungeon.
You worshipped Kikubaaqudgha.
Kikubaaqudgha was noncommittal.
You were hungry.
You were a venomous arachnid creature.
You visited 2 branches of the dungeon, and saw 11 of its levels.

You collected 540 gold pieces.
You spent 143 gold pieces at shops.

Inventory:

Missiles
 a - 146 arrows
 h - 186 sling bullets
Armour
 b - a +1 robe
 p - a +2 cloak (melded)
 C - the +5 ring mail "Ruacweji" (melded) {rC++ Stlth-}
   (You found it on level 9 of the Dungeon)

   It greatly protects you from cold.
   It makes you less stealthy.
Jewellery
 v - an uncursed ring of see invisible
 x - a +5 ring of intelligence (right front leg)
 B - a ring of magical power (left front leg)
Wands
 j - a wand of digging (6)
 m - a wand of flame (13)
 q - a wand of acid (15)
 t - a wand of iceblast (8)
 z - a wand of paralysis (7)
Scrolls
 c - 2 scrolls of teleportation
 e - 3 scrolls of identify
 g - 11 scrolls of remove curse
 i - 2 scrolls of enchant weapon
 n - 3 scrolls of amnesia
 w - 2 scrolls of enchant armour
 y - 2 scrolls of fear
Potions
 f - 5 potions of curing
 k - a potion of heal wounds
 l - 2 potions of resistance
 o - a potion of haste {unknown}
 r - 2 potions of agility
 s - a potion of might {unknown}
 u - a potion of ambrosia {unknown}
 A - 5 potions of brilliance
Comestibles
 d - 13 rations
 D - 4 chunks of flesh


   Skills:
 + Level 3.7 Fighting
 * Level 0.3 Armour
 + Level 6.4 Dodging
 * Level 9.2 Unarmed Combat
 + Level 3.9 Spellcasting
 + Level 3.7 Necromancy
 + Level 6.4 Transmutations
 + Level 1.3 Ice Magic


You had 2 spell levels left.
You knew the following spells:

 Your Spells              Type           Power        Failure   Level  Hunger
a - Beastly Appendage     Tmut           ####..       4%          1    None
b - Sticks to Snakes      Tmut           ####....     5%          2    #......
c - Confusing Touch       Hex            #.....       26%         1    None
d - Spider Form           Tmut/Pois      ###.......   22%         3    ##.....
e - Regeneration          Chrm/Necr      ##........   32%         3    ##.....
f - Ice Form              Ice/Tmut       ###.....     43%         4    ####...

Your spell library contained the following spells:

 Spells                   Type           Power        Failure   Level  Hunger
 Animate Skeleton         Necr           N/A          9%          1    None
 Pain                     Necr           ###.         9%          1    None
 Apportation              Tloc           #.....       26%         1    None
 Summon Small Mammal      Summ           #...         26%         1    None
 Vampiric Draining        Necr           ###.......   19%         3    ##.....
 Animate Dead             Necr           N/A          43%         4    ####...
 Blade Hands              Tmut           ####......   43%         5    ######.


Dungeon Overview and Level Annotations

Branches:
Dungeon (10/15)            Temple (1/1) D:4
   Lair: D:8-11         Orc: D:9-12

Altars:
Ashenzari
Cheibriados
Dithmenos
Elyvilon
Fedhas
Gozag
Hepliaklqana
Kikubaaqudgha
Makhleb
Nemelex Xobeh
Okawaru
Qazlal
Ru
Sif Muna
Trog
Uskayaw
Vehumet
Wu Jian
Xom
Yredelemnul
Zin
The Shining One

Shops:
D:4 !   D:5 :

Annotations:
D:9 1 runed door, LostNumber's ghost, novice KoAs


Innate Abilities, Weirdness & Mutations

((You have razor-sharp toenails.))
(You are partially covered in rugged brown scales. (AC +1, +3% HP))
A weak demonic guardian rushes to your aid.
((You are mostly covered in sharp spines.))


Message History

Your ufetubus hits the troll but does no damage.
Your ufetubus misses the troll. The troll bites you! The troll claws you.
The troll misses you. The white imp gestures at you.
The puff of frost hits you!
* * * LOW HITPOINT WARNING * * *
The yak gores your ufetubus!
Your ufetubus dies!
You climb upwards.
Level annotation: 1 runed door, LostNumber's ghost, novice KoAs
There is a stone staircase leading down here.
You hit the troll but do no damage.
Your ball python bites the troll but does no damage.
The troll closely misses you. The troll claws you!
* * * LOW HITPOINT WARNING * * *
The troll misses you. The white imp gestures at you.
The puff of frost hits you!
You die...
Kikubaaqudgha rasps: "You have failed me!
Welcome... death!"

#.......# #....##...#
.##..#..#####.........#######
.....#...##............##...#
(.......#.....##............#
........#....#.#...........##
........#....#..............##
..#...[.##.#.................##
.........##.....S5............#
.##.#..♣♣♣♣♣♣♣..sS.....#.>....#
......♣♣♣♣. .♣♣ST.............#
......♣. .♣♣. ♣..........#...##
......♣.♣.!.♣♣♣.......#..#..##
.....♣♣..♣♣W.♣♣♣...##........##
..##.♣.♣i.ih♣..♣...#..........#
...##♣.♣##+##♣.♣.............##
...##♣♣#8...8#♣♣#.#.........##
....#..........####.#.##.....###


You could see a troll, a white imp, 2 friendly adders and a friendly ball
python.

Vanquished Creatures
  A two-headed ogre (D:9)
  Maurice (D:8)
  Joseph (D:7)
  A hippogriff (D:7)
  A yak (D:9)
  A human (D:8)
  A hungry ghost (D:9)
  A water moccasin (D:8)
  A phantom (D:4)
  3 orc warriors
  A sky beast (D:6)
  2 ice beasts
  3 ogres
  4 centaurs
  6 bullfrogs
  A wyvern zombie (D:7)
  2 scorpions
  A water moccasin skeleton (D:7)
  A howler monkey (D:8)
  3 crimson imps
  2 hounds
  2 jellies
  A bullfrog zombie (D:7)
  7 orc wizards
  5 orc priests
  A bullfrog skeleton (D:4)
  8 iguanas
  3 worker ants
  A hound zombie (D:7)
  7 adders
  2 shadow imps
  A white imp (D:10)
  An adder zombie (D:3)
  An adder skeleton (D:7)
  A worm (D:4)
  4 dart slugs
  5 leopard geckos
  39 orcs
  8 giant cockroaches
  7 goblins
  6 hobgoblins
  13 jackals
  2 quokkas
  3 ball pythons
  10 bats
  6 frilled lizards
  9 kobolds
  A quokka skeleton (D:7)
  6 rats
198 creatures vanquished.

Vanquished Creatures (collateral kills)
  A big kobold (D:9)
  A scorpion (D:4)
  A crimson imp (D:9)
  2 orc priests
  An orc wizard (D:6)
  2 adders (D:2)
  A leopard gecko (D:6)
  5 orcs
  A hobgoblin (D:1)
  3 kobolds (D:9)
18 creatures vanquished.

Vanquished Creatures (others)
  3 fungi (D:9)
  A plant (D:9)
4 creatures vanquished.

Grand Total: 220 creatures vanquished

Notes
Turn   | Place    | Note
-------+----------+-------------------------------------------
     0 | D:1      | PikkenKukken the Demonspawn Transmuter began the quest for
                  | the Orb.
     0 | D:1      | Reached XP level 1. HP: 15/15 MP: 3/3
   215 | D:1      | Reached skill level 3 in Unarmed Combat
   215 | D:1      | Gained mutation: You have sharp toenails. [demonic
                  | ancestry]
   215 | D:1      | Reached XP level 2. HP: 19/21 MP: 3/5
   219 | D:1      | Learned a level 2 spell: Sticks to Snakes
   834 | D:1      | Gained mutation: You are partially covered in sharp spines.
                  | [demonic ancestry]
   834 | D:1      | Reached XP level 3. HP: 22/26 MP: 4/6
  1091 | D:2      | Found a shimmering altar of Xom.
  1091 | D:2      | Found a burning altar of Makhleb.
  1864 | D:2      | Reached XP level 4. HP: 32/32 MP: 5/7
  2498 | D:3      | Learned a level 1 spell: Confusing Touch
  2522 | D:3      | Reached skill level 4 in Unarmed Combat
  2917 | D:2      | Gained mutation: You have razor-sharp toenails. [demonic
                  | ancestry]
  2917 | D:2      | Reached XP level 5. HP: 37/37 MP: 6/8
  3495 | D:3      | Found a deep blue altar of Sif Muna.
  3828 | D:4      | Reached XP level 6. HP: 28/43 MP: 3/9
  3969 | D:4      | Reached skill level 5 in Unarmed Combat
  4188 | D:4      | Found Bohac's Distillery.
  4234 | D:4      | Bought a potion of heal wounds for 65 gold pieces
  4234 | D:4      | Bought a potion of curing for 39 gold pieces
  4234 | D:4      | Bought a potion of curing for 39 gold pieces
  4516 | D:4      | Found a faded altar of an unknown god.
  4518 | D:4      | Found a staircase to the Ecumenical Temple.
  4526 | Temple   | Entered the Ecumenical Temple
  4832 | D:5      | Entered Level 5 of the Dungeon
  5194 | D:5      | Learned a level 3 spell: Spider Form
  5199 | D:5      | Found Bamiur's Book Shop.
  5210 | D:5      | Gained mutation: You are mostly covered in sharp spines.
                  | [demonic ancestry]
  5210 | D:5      | Reached XP level 7. HP: 47/48 MP: 3/10
  5524 | D:5      | Reached skill level 6 in Unarmed Combat
  5724 | D:5      | Found a basalt altar of Yredelemnul.
  5847 | D:5      | Found a white marble altar of Elyvilon.
  6221 | D:5      | HP: 2/48 [orc warrior/+0 battleaxe (19)]
  6529 | D:6      | Found a sacrificial altar of Ru.
  6593 | D:6      | Found an opulent altar of Gozag.
  6812 | D:6      | Gained mutation: A weak demonic guardian rushes to your
                  | aid. [demonic ancestry]
  6812 | D:6      | Reached XP level 8. HP: 54/54 MP: 4/11
  7053 | D:6      | Reached skill level 7 in Unarmed Combat
  7345 | D:6      | Reached skill level 5 in Dodging
  7345 | D:6      | Reached skill level 5 in Transmutations
  7969 | D:6      | Learned a level 3 spell: Regeneration
  8192 | D:7      | Noticed Joseph
  8211 | D:7      | Killed Joseph
  8211 | D:7      | Reached skill level 8 in Unarmed Combat
  8211 | D:7      | Reached skill level 1 in Necromancy
  8211 | D:7      | Gained mutation: You are partially covered in rugged brown
                  | scales. (AC +1, +3% HP) [demonic ancestry]
  8211 | D:7      | Reached XP level 9. HP: 32/60 MP: 5/12
  9381 | D:7      | Found an ancient bone altar of Kikubaaqudgha.
  9474 | D:7      | Became a worshipper of Kikubaaqudgha
  9705 | D:7      | Identified a scroll of acquirement
  9708 | D:7      | Got a faintly glowing shield
  9714 | D:7      | Identified the +4 shield of the Albatross {rPois rCorr
                  | Dex-5} (You acquired it on level 7 of the Dungeon)
 10184 | D:8      | Found an ancient bone altar of Kikubaaqudgha.
 10298 | D:8      | Found a stormy altar of Qazlal.
 10404 | D:8      | Noticed Maurice
 10427 | D:8      | Killed Maurice
 11268 | D:9      | Learned a level 4 spell: Ice Form
 11351 | D:9      | Reached skill level 9 in Unarmed Combat
 11394 | D:9      | Reached XP level 10. HP: 27/72 MP: 8/15
 11710 | D:9      | Found a shadowy altar of Dithmenos.
 11740 | D:9      | Found a runed door.
 11758 | D:9      | Got a shimmering ring mail
 11759 | D:9      | Identified the +5 ring mail "Ruacweji" {rC++ Stlth-} (You
                  | found it on level 9 of the Dungeon)
 11824 | D:9      | Noticed LostNumber's ghost (novice KoAs)
 11833 | D:9      | Noticed a two-headed ogre
 11845 | D:9      | Killed a two-headed ogre
 11845 | D:9      | Reached skill level 1 in Ice Magic
 12297 | D:10     | Entered Level 10 of the Dungeon
 12329 | D:9      | Killed from afar by a white imp

Vault maps used:
D:1:      minmay_arrival_cross
D:2:      gammafunk_temple_overflow_wave
D:3:      led_sif_book
D:4:      nicolae_temple_entry_ecumenical, first_ration, serial_shops, shop
D:5:      kennysheep_ying_yang, serial_shops, nicolae_shop_window_shopping,
          minivault_24, chequers_serial_rivers_small_3, patterned_corridor
D:6:      kb_forest_paths, grunt_gozag_breadcrumbs, nicolae_ru_path_of_blood
D:7:      basic_altar, grunt_tough_drop, uniq_joseph
D:8:      grunt_qazlal_clouds, kennysheep_mini, grunt_pizzeria, uniq_maurice
D:9:      ebering_ghost_funeral_grove, grunt_dithmenos_smoke
D:10:     serial_ice, serial_ice_j, serial_ice_g, serial_ice_c, serial_ice_h,
          serial_ice_e, serial_ice_f, serial_ice_a, serial_ice_n, serial_ice_m,
          serial_ice_b, minmay_misc_feat_iff, uniq_psyche, uniq_josephine
Temple:   nicolae_temple_figure_eight

Skill      XL: |  1  2  3  4  5  6  7  8  9 10 |
---------------+-------------------------------+-----
Dodging        | 2 3 4 5 6 |  6.4
Unarmed Combat | 3 4 5 6 8 9 |  9.2
Transmutations | 2 3 4 5 6 |  6.4
Necromancy     | 1 3 |  3.7
Fighting       | 3 |  3.7
Spellcasting   | 3 |  3.9
Ice Magic      | 1 |  1.3
Armour         | |  0.3

Action                   |  1- 3 |  4- 6 |  7- 9 | 10-12 || total
-------------------------+-------+-------+-------+-------++-------
Melee: Unarmed           |    93 |   164 |   357 |    41 ||   655
       Kick              |    18 |    40 |    21 |     3 ||    82
       Headbutt          |    10 |    12 |     1 |       ||    23
       Punch             |     1 |     3 |     4 |       ||     8
 Cast: Beastly Appendage |    21 |    27 |     2 |       ||    50
       Sticks to Snakes  |     4 |     8 |     6 |     6 ||    24
       Confusing Touch   |       |    13 |    30 |     5 ||    48
       Spider Form       |       |     1 |    38 |     6 ||    45
  Use: Scroll            |     6 |     4 |     4 |     2 ||    16
 Stab: Confused          |       |     9 |    20 |     1 ||    30
       Distracted        |       |     1 |     1 |       ||     2
       Sleeping          |       |       |     1 |       ||     1
  Eat: Chunk             |     3 |     6 |    18 |     5 ||    32
       Ration            |       |     2 |     2 |       ||     4
Armor: Robe              |    27 |    14 |    14 |     3 ||    58
       Skin              |       |       |     5 |     1 ||     6
       Ring mail         |       |       |       |     3 ||     3
Dodge: Dodged            |    74 |    93 |   203 |    37 ||   407

Table legend:
 A = Non-vault XP
 B = Vault XP
 C = Vault XP percentage of total XP
 D = Non-vault monster count
 E = Vault monster count
 F = Vault count percentage of total count
                 A         B        C        D         E       F
            +---------+---------+-------+---------+---------+-------
      Total |    5442 |    1454 |  21.1 |     207 |       9 |   4.2
            +---------+---------+-------+---------+---------+-------
        D:1 |      53 |       0 |   0.0 |      31 |       0 |   0.0
        D:2 |     111 |       0 |   0.0 |      17 |       0 |   0.0
        D:3 |     175 |       0 |   0.0 |      39 |       0 |   0.0
        D:4 |     271 |       0 |   0.0 |      10 |       0 |   0.0
        D:5 |     640 |       0 |   0.0 |      14 |       0 |   0.0
        D:6 |     837 |     319 |  27.6 |      31 |       4 |  11.4
        D:7 |    1050 |     443 |  29.7 |      22 |       2 |   8.3
        D:8 |     484 |     684 |  58.6 |      19 |       2 |   9.5
        D:9 |    1821 |       0 |   0.0 |      24 |       0 |   0.0
       D:10 |       0 |       8 | 100.0 |       0 |       1 | 100.0
            +---------+---------+-------+---------+---------+-------
